 Dungeon Crawl Stone Soup version 0.19.1 (webtiles) character file.

259 Darkmans the Covert (level 5, 0/25 HPs)
             Began as a Spriggan Assassin on Dec 11, 2016.
             Slain by an orc priest
             ... wielding a +0 spear
              (1 damage)
             ... on level 4 of the Dungeon.
             The game lasted 00:08:24 (4282 turns).

Darkmans the Covert (Spriggan Assassin)             Turns: 4282, Time: 00:08:25

Health: 0/25       AC:  3    Str:  7    XL:     5   Next: 95%
Magic:  6/6        EV: 17    Int: 13    God:
Gold:   223        SH:  0    Dex: 18    Spells: 0 memorised, 4 levels left

rFire  . . .     SeeInvis +     a - +2 dagger
rCold  + . .     Gourm    .     c - +0 robe
rNeg   . . .     Faith    .     (shield restricted)
rPois  .         Spirit   .     (helmet restricted)
rElec  .         Reflect  .     d - +0 cloak
rCorr  .         Harm     .     (gloves unavailable)
MR     .....                    (boots unavailable)
Stlth  ++++......               (no amulet)
                                r - ring of protection from cold
                                l - +3 ring of slaying

@: very quick
A: unfitting armour, see invisible, herbivore 3, speed 3, slow metabolism 2
a: no special abilities


You were on level 4 of the Dungeon.
You were not hungry.

You visited 1 branch of the dungeon, and saw 4 of its levels.

You collected 223 gold pieces.

Inventory:

Hand Weapons
 a - a +2 dagger (weapon)
 b - a +0 blowgun
Missiles
 e - 24 poisoned needles
 f - 2 curare-tipped needles
Armour
 c - a +0 robe (worn)
 d - a +0 cloak (worn)
Jewellery
 l - a +3 ring of slaying (left hand)
 r - a ring of protection from cold (right hand)
 v - an uncursed ring of fire
Wands
 x - a wand of digging (9/24)
Scrolls
 h - 5 scrolls of identify {unknown}
 j - a scroll of random uselessness {unknown}
 n - 4 scrolls of magic mapping {unknown}
 o - 3 scrolls of recharging {unknown}
 p - a scroll of immolation {unknown}
 q - 2 scrolls of remove curse {unknown}
 s - a scroll of fear {unknown}
 t - a scroll of enchant weapon {unknown}
 w - a scroll of amnesia {unknown}
Potions
 i - a potion of degeneration {unknown}
 k - a potion of might {unknown}
 m - 2 potions of lignification
Comestibles
 g - 3 bread rations
 u - 2 fruits
 z - a royal jelly


   Skills:
 - Level 1.5 Fighting
 + Level 5.1 Short Blades
 - Level 2.0 Throwing
 - Level 1.5 Dodging
 + Level 8.8 Stealth


You had 4 spell levels left.
You didn't know any spells.

Dungeon Overview and Level Annotations

Branches:
Dungeon (4/15)
 Temple: D:4-7

Altars:
Xom


Innate Abilities, Weirdness & Mutations

You are very small and have problems with some larger weapons.
You are too small for most types of armour.
You have supernaturally acute eyesight. (SInv)
You are a herbivore.
You cover ground extremely quickly.
You need consume almost no food.


Message History

You hit the orc priest but do no damage.
The orc priest misses you.
You hit the orc priest but do no damage.
The orc priest hits you but does no damage.
You hit the orc priest but do no damage.
You hit the orc priest but do no damage.
The orc priest closely misses you.
You hit the orc priest.
The orc priest is lightly wounded.
The orc priest hits you with a spear.
You hit the orc priest but do no damage.
The orc priest is lightly wounded.
The orc priest mumbles some strange prayers to Beogh against you.
Beogh smites you!
Ouch! That really hurt!
* * * LOW HITPOINT WARNING * * *
You hit the orc priest but do no damage.
The orc priest is lightly wounded.
The orc priest hits you from afar with a spear.
You die...

.....<#......#............#....#.
.)((..#.##+####+#######...###..##
....#####.............#+#########
...(# #.............#.........#
..(.# +.......†.....+.......).#
....# #.............#.......).#
..(.+ #....(........#....÷....#
....# #.....).......#.........#
..?.# #.....o.@†....#.........'
....# #.(........)..#.........#
....#####.............#+#####'###
##.......##########............##
#.....(.# #............#.
+...(...# #............#.
#.......# #............#.
#.......# #...........(#.
...####### #............#.


You could see an orc priest.

Vanquished Creatures
  2 orc wizards (D:4)
  A worker ant (D:4)
  3 gnolls (D:4)
  6 adders
  4 worms
  4 dart slugs
  7 orcs
  A ball python (D:1)
  2 giant cockroaches
  A gnoll zombie (D:3)
  12 goblins
  8 hobgoblins
  2 quokkas (D:4)
  13 bats
  8 frilled lizards
  4 kobolds
  4 rats
82 creatures vanquished.

Notes
Turn   | Place    | Note
-------+----------+-------------------------------------------
     0 | D:1      | Darkmans the Spriggan Assassin began the quest for the Orb.
     0 | D:1      | Reached XP level 1. HP: 10/10 MP: 2/2
    60 | D:1      | Reached skill level 6 in Stealth
   136 | D:1      | Reached XP level 2. HP: 12/14 MP: 3/3
   513 | D:1      | Reached XP level 3. HP: 15/18 MP: 4/4
   734 | D:2      | Reached skill level 7 in Stealth
   917 | D:2      | Reached XP level 4. HP: 18/22 MP: 5/5
  2820 | D:4      | Found a shimmering altar of Xom.
  2885 | D:4      | Reached skill level 8 in Stealth
  3087 | D:4      | Reached XP level 5. HP: 17/25 MP: 6/6
  3883 | D:4      | Reached skill level 5 in Short Blades
  4280 | D:4      | HP: 1/25 [orc priest/divine providence (15)]
  4282 | D:4      | Slain by an orc priest

Skill      XL: |  1  2  3  4  5 |
---------------+----------------+-----
Stealth        | 6 7 8 |  8.8
Short Blades   | 3 4 5 |  5.1
Fighting       | |  1.5
Throwing       | |  2.0
Dodging        | |  1.5

Action                   |  1- 3 |  4- 6 || total
-------------------------+-------+-------++-------
Melee: Dagger            |    89 |   141 ||   230
 Fire: Blowgun           |       |    20 ||    20
  Use: Potion            |       |     1 ||     1
 Stab: Sleeping          |    12 |    15 ||    27
       Distracted        |     1 |       ||     1
  Eat: Fruit             |       |     1 ||     1
Armor: Robe              |    14 |     7 ||    21
       Skin              |       |     5 ||     5
Dodge: Dodged            |    67 |    71 ||   138
